 Dungeon Crawl Stone Soup version 0.30-a0-305-g026cb31310 (webtiles) character file.

Game seed: 8513837286096597321

952 Morbidden the Shield-Bearer (level 7, -3/54 HPs)
             Began as a Demonspawn Fighter on Oct 21, 2022.
             Slain by an ogre
             ... wielding a +0 giant club
              (25 damage)
             ... on level 5 of the Dungeon.
             The game lasted 00:04:49 (3078 turns).

Morbidden the Shield-Bearer (Demonspawn Fighter)    Turns: 3078, Time: 00:04:49

Health: -3/54      AC: 10    Str: 17    XL:     7   Next: 90%
Magic:  20/20      EV: 10    Int: 11    God:
Gold:   246        SH:  9    Dex: 14    Spells: 6/11 levels left

rFire   . . .      SeeInvis .    a - +0 war axe
rCold   . . .      Faith    .    c - +0 buckler
rNeg    . . .      Spirit   .    b - +0 scale mail
rPois   .          Reflect  .    (helmet restricted)
rElec   .          Harm     .    (no cloak)
rCorr   .          Rampage  .    o - +2 pair of gloves
Will    .....                    (no boots)
Stlth   +.........               (no amulet)
HPRegen 0.29/turn                g - ring of magical power
MPRegen 0.17/turn                (no ring)

@: about to teleport
A: horns 1, thin skeletal structure 1, powered by death 2, condensation shield
a: no special abilities


You were on level 5 of the Dungeon.
You visited 1 branch of the dungeon, and saw 5 of its levels.

You collected 246 gold pieces.

Inventory:

Hand Weapons
 a - a +0 war axe (weapon)
 f - a +0 mace
Armour
 b - a +0 scale mail (worn)
 c - a +0 buckler (worn)
 o - a +2 pair of gloves (worn)
Jewellery
 g - a ring of magical power (left hand)
Wands
 e - a wand of iceblast (9)
Scrolls
 h - a scroll of enchant weapon {unknown}
 i - a scroll of noise {unknown}
 j - a scroll of amnesia
 k - a scroll of teleportation
 n - a scroll of immolation {unknown}
 p - 2 scrolls of vulnerability {unknown}
 q - a scroll of blinking {unknown}
 t - a scroll of enchant armour {unknown}
Potions
 d - a potion of might
 m - a potion of mutation {unknown}
 r - a potion of lignification {unknown}
 s - a potion of resistance {unknown}


   Skills:
 * Level 4.3 Fighting
 + Level 4.2 Axes
 * Level 4.0 Armour
 * Level 2.2 Dodging
 * Level 4.3 Shields
 * Level 2.7 Spellcasting
 * Level 1.6 Conjurations
 * Level 1.4 Air Magic


You had 6 spell levels left.
You knew the following spells:

 Your Spells              Type           Power      Damage    Failure   Level
a - Arcjolt               Conj/Air       2%         1d12      100%        5

Your spell library contained the following spells:

 Spells                   Type           Power      Damage    Failure   Level
 Static Discharge         Conj/Air       10%        2-3/arc   65%         2
 Momentum Strike          Conj/Tloc      6%         3d8       77%         2
 Blink                    Tloc           2%         N/A       86%         2
 Vhi's Electric Charge    Tloc/Air       6%         N/A       94%         3
 Lesser Beckoning         Tloc           2%         N/A       98%         3
 Lightning Bolt           Conj/Air       2%         1d14      100%        5


Dungeon Overview and Level Annotations

Branches:
Dungeon (5/15)
 Temple: D:4-7

Altars:
Kikubaaqudgha
Ru
Uskayaw
Wu Jian

Annotations:
D:5 Dowan, Menkaure


Innate Abilities, Weirdness & Mutations

You have a pair of small horns on your head.
You have a somewhat thin skeletal structure. (Dex +2, Stealth+)
You regenerate health from kills.
A meltable shield of frost defends you. (SH +4)


Message History

Unknown command.
Okay, then.
Aiming: Iceblast
Press: ? - help, Shift-Dir - straight line That beam is likely to hit you.
Continue anyway?
Okay, then.
Aiming: Iceblast
Press: ? - help, Shift-Dir - straight line
Okay, then.
Okay, then.
Okay, then.
You feel better. The ogre misses you.
Unknown command.
Unknown command.
Unknown command.
Okay, then.
Okay, then.
As you read the scroll labelled UDATAN EQAM, it crumbles to dust.
It is a scroll of amnesia.
Really abort (and waste the scroll)? [Y]es or [N]o only, please.
Really abort (and waste the scroll)?
Okay, then.
The ogre hits you with a +0 giant club!
* * * LOW HITPOINT WARNING * * *
Okay, then.
You feel better.
Unknown command.
Unknown command.
Okay, then.
Okay, then.
Okay, then.
As you read the scroll labelled BERPHO JOMNEUPHA, it crumbles to dust.
You feel strangely unstable.
It was a scroll of teleportation.
You block the ogre's attack.
Unknown command.
Unknown command.
The ogre attacks as you move away!
The ogre hits you with a +0 giant club!!
You die...

##.#### ##
########..###### ###.
................ ....
####....#.###### ...##
.....####.##### #...
............(.#
...##########..##... .
#..## ##.## # ... #@.#
#..# ##..###O#####
##.#
#......M....######.###
#......####.....##...#
#......# #####......#
#.(....# ####...#
#......# #.).#
#......# #...#
#......# #..##


You could see an ogre and Menkaure.

Vanquished Creatures
  Eustachio (D:5)
  A necrophage (D:5)
  A bullfrog (D:5)
  2 scorpions (D:5)
  4 killer bees (D:5)
  2 jellies
  3 hounds
  Ijyb (D:5)
  2 iguanas (D:5)
  Natasha (D:2)
  Robin (D:2)
  A gnoll (D:3)
  4 adders
  A white imp (D:5)
  An ufetubus (D:4)
  A dart slug (D:1)
  4 orcs
  2 endoplasms
  2 giant cockroaches
  12 goblins
  9 hobgoblins
  7 jackals
  5 kobolds
  2 quokkas
  7 ball pythons
  6 bats
  3 frilled lizards (D:1)
  3 rats (D:1)
89 creatures vanquished.

Notes
Turn   | Place    | Note
-------+----------+-------------------------------------------
     0 | D:1      | Morbidden the Demonspawn Fighter began the quest for the
                  | Orb.
     0 | D:1      | Reached XP level 1. HP: 18/18 MP: 1/1
   189 | D:1      | Gained mutation: You regenerate a little health from kills.
                  | [demonic ancestry]
   189 | D:1      | Reached XP level 2. HP: 22/24 MP: 2/2
   433 | D:1      | Found a faded altar of an unknown god.
   563 | D:2      | Gained mutation: You have a pair of small horns on your
                  | head. [demonic ancestry]
   563 | D:2      | Reached XP level 3. HP: 29/29 MP: 3/3
   565 | D:2      | Noticed Robin
   583 | D:2      | Killed Robin
   724 | D:2      | Identified the +5 whip of Qidyveemis {protect, rN+ Str+6
                  | Dex+3}
   963 | D:2      | Noticed Natasha
   967 | D:2      | Killed Natasha
   968 | D:2      | Gained mutation: You have a somewhat thin skeletal
                  | structure. (Dex +2, Stealth+) [demonic ancestry]
   968 | D:2      | Reached XP level 4. HP: 26/35 MP: 4/4
  1093 | D:3      | Found an ancient bone altar of Kikubaaqudgha.
  1454 | D:3      | Found a sacrificial altar of Ru.
  1652 | D:4      | Reached skill level 1 in Spellcasting
  1652 | D:4      | Gained mutation: A meltable shield of frost defends you.
                  | (SH +4) [demonic ancestry]
  1652 | D:4      | Reached XP level 5. HP: 39/42 MP: 6/6
  1699 | D:4      | Reached skill level 1 in Dodging
  1929 | D:4      | Learned a level 5 spell: Arcjolt
  2201 | D:5      | Entered Level 5 of the Dungeon
  2217 | D:5      | Reached XP level 6. HP: 26/48 MP: 9/9
  2445 | D:5      | Noticed Dowan
  2482 | D:5      | Reached skill level 1 in Conjurations
  2492 | D:5      | Gained mutation: You regenerate health from kills. [demonic
                  | ancestry]
  2492 | D:5      | Reached XP level 7. HP: 39/54 MP: 10/10
  2495 | D:5      | Reached skill level 1 in Air Magic
  2580 | D:5      | Noticed Eustachio
  2654 | D:5      | Killed Eustachio
  2776 | D:5      | Found a hide-covered altar of Uskayaw.
  2885 | D:5      | Noticed Ijyb
  2897 | D:5      | Killed Ijyb
  3020 | D:5      | Found an ornate altar of the Wu Jian Council.
  3062 | D:5      | Noticed Menkaure
  3078 | D:5      | Slain by an ogre

Illustrated notes

Levels and vault maps discovered:
D:1:      psy_arrival_fountain, layout_basic, ebering_ecumenical_altar_webs,
          minmay_distorted
D:2:      layout_rooms, uniq_natasha, uniq_robin
D:3:      layout_rooms, nicolae_ru_sacrificial_ziggurat, marbit_many_paths
D:4:      layout_basic, dk_noncrumbling_4
D:5:      layout_rooms, mainiacjoe_overflow_alcove_1, nicolae_uskayaw_suspiria,
          lemuel_coloured_pillars_altar, overflow_temple_1_default,
          hangedman_decor_slide_cut, chequers_serial_rivers_marsh,
          uniq_eustachio, uniq_menkaure, uniq_duvessa, uniq_ijyb

Skill      XL: |  1  2  3  4  5  6  7 |
---------------+----------------------+-----
Armour         | 3 4 |  4.0
Axes           | 2 3 4 |  4.2
Shields        | 3 4 |  4.3
Spellcasting   | 1 2 |  2.7
Dodging        | 1 2 |  2.2
Fighting       | 4 |  4.3
Conjurations   | 1 |  1.6
Air Magic      | 1 |  1.4

Action                   |  1- 3 |  4- 6 |  7- 9 || total
-------------------------+-------+-------+-------++-------
Melee: War axe           |   108 |   134 |   112 ||   354
       Headbutt          |     5 |    17 |    21 ||    43
  Use: Potion            |       |     4 |     2 ||     6
       Scroll            |       |       |     2 ||     2
Armor: Scale mail        |    65 |    83 |    88 ||   236
Dodge: Dodged            |    60 |    64 |    69 ||   193
Block: Buckler           |    27 |    89 |    86 ||   202

Table legend: (Time is in decaauts)
 A = Elapsed time spent in this place.
 B = Non-inter-level travel time spent in this place.
 C = Inter-level travel time spent in this place.
 D = Time resting spent in this place.
 E = Time spent auto-exploring this place.
 F = Levels seen in this place.
 G = Mean time per level.
                   A        B        C        D        E       F      G
               +--------+--------+--------+--------+--------+-----+--------+
         Total |   3199 |   3072 |    127 |    200 |   2060 |   5 |  639.8 |
       Dungeon |   3199 |   3072 |    127 |    200 |   2060 |   5 |  639.8 |
               +--------+--------+--------+--------+--------+-----+--------+

Top non-repeatable levels by time:
     D:5: 855 daAuts
     D:4: 655 daAuts
     D:3: 624 daAuts
     D:1: 585 daAuts
     D:2: 477 daAuts
